 Dungeon Crawl Stone Soup version 0.29-a0-802-g34511f41fd (webtiles) character file.

Game seed: 4307815003325023992

67 Mega64 the Covered (level 4, -4/35 HPs)
             Began as a Meteoran Wanderer on July 3, 2022.
             Slain by an iguana (12 damage)
             ... on level 4 of the Dungeon.
             The game lasted 00:17:52 (1747 turns).

Mega64 the Covered (Meteoran Wanderer)              Turns: 1747, Time: 00:17:52

Health: -4/35      AC:  7    Str: 10    XL:     4   Next: 67%
Magic:  7/7        EV:  8    Int: 15    God:
Gold:   111        SH:  0    Dex: 17    Spells: 5/5 levels left

rFire   . . .      SeeInvis +   a - +0 short sword
rCold   . . .      Faith    .   (no shield)
rNeg    . . .      Spirit   .   q - +0 scale mail
rPois   .          Reflect  .   (no helmet)
rElec   .          Harm     .   (no cloak)
rCorr   .          Rampage  .   (no gloves)
Will    .....                   (no boots)
Stlth   ..........              (no amulet)
HPRegen 0.11/turn               h - ring of see invisible
MPRegen 0.10/turn               (no ring)

@: glowing
A: sense surroundings 1, otherworldly, glowing, explore regen
a: no special abilities


You were on level 4 of the Dungeon.
You visited 1 branch of the dungeon, and saw 4 of its levels.

You collected 111 gold pieces.

Inventory:

Hand Weapons
 a - a +0 short sword (weapon)
 f - a +2 quarterstaff of chaos
 m - a +0 sling
Missiles
 n - 7 stones (quivered)
 p - 4 poisoned darts
 s - a datura-tipped dart
Armour
 b - a +0 chain mail
 e - a +0 robe
 l - a +0 cloak
 o - a +0 ring mail
 q - a +0 scale mail (worn)
Jewellery
 g - a ring of positive energy
 h - a ring of see invisible (left hand)
Scrolls
 d - a scroll of blinking
 t - a scroll of teleportation {unknown}
 v - a scroll of identify
 w - a scroll of vulnerability {unknown}
Potions
 c - a potion of attraction
 i - a potion of degeneration
 j - a potion of cancellation {unknown}
 k - a potion of curing {unknown}
 r - 2 potions of flight {unknown}
 u - a potion of mutation {unknown}


   Skills:
 * Level 1.4 Fighting
 * Level 3.2 Short Blades
 * Level 1.0 Throwing
 + Level 6.8 Armour
 - Level 1.0 Stealth
 - Level 1.3 Spellcasting


You had 5 spell levels left.
You didn't know any spells.
Your spell library was empty.

Dungeon Overview and Level Annotations

Branches:
Dungeon (4/15) Zot: 655
 Temple: D:4-7

Altars:
Cheibriados
Nemelex Xobeh
Uskayaw

Annotations:
D:4 Ijyb


Innate Abilities, Weirdness & Mutations

You passively map a small area around you.
You are easily found by Zot.
You glow in the dark.
You regain HP and MP as you explore.


Message History

You hit the goblin.
You kill the goblin!
You completely miss the kobold. The kobold hits you but does no damage.
You barely miss the kobold.
The kobold hits you with a +0 short sword.
You hit the kobold but do no damage.
The kobold hits you with a +0 short sword.
You hit the kobold.
The kobold is heavily wounded.
The kobold barely misses you.
You closely miss the kobold.
The kobold is heavily wounded.
The kobold hits you but does no damage.
You closely miss the kobold.
The kobold is heavily wounded.
The kobold barely misses you.
You closely miss the kobold.
The kobold is heavily wounded.
The kobold hits you with a +0 short sword.
You closely miss the kobold.
The kobold is heavily wounded.
The kobold hits you with a +0 short sword.
You barely miss the kobold.
The kobold is heavily wounded.
The kobold hits you but does no damage.
You hit the kobold.
You kill the kobold!
Ijyb zaps a wand.
The puff of flame hits you.
You hit the iguana but do no damage. The iguana bites you!
You hit the iguana.
The iguana is moderately wounded.
The iguana bites you!
* * * LOW HITPOINT WARNING * * *
You barely miss the iguana.
The iguana is moderately wounded.
The iguana bites you but does no damage.
You closely miss the iguana.
The iguana is moderately wounded.
The iguana bites you!
You die...

P♣.. * * , * ,,..# , **
..# , , #l## , , , , *
#..# * * * ** #..# *,#
, , #..# .#
########..#+#####.###..
+.....@lg.......†......
,
#########..............
, ,,
..........<........ , ,
...###.>........... ,
... ########.####. ..,
.#* ,, . * .. , , , ..
, * , * ###*


You could see Ijyb and an iguana.

Vanquished Creatures
  Crazy Yiuf (D:2)
  A worm (D:3)
  A dart slug (D:1)
  A ball python (D:1)
  3 endoplasms
  8 goblins
  4 hobgoblins
  2 jackals (D:4)
  A quokka (D:1)
  4 bats
  2 kobolds
  4 rats
32 creatures vanquished.

Notes
Turn   | Place    | Note
-------+----------+-------------------------------------------
     0 | D:1      | Mega64 the Meteoran Wanderer began the quest for the Orb.
     0 | D:1      | Mega64 set off with the following items: a +0 short sword,
                  | a +0 chain mail, a potion of attraction, a scroll of
                  | blinking.
     0 | D:1      | Reached XP level 1. HP: 16/16 MP: 3/3
   193 | D:1      | Reached XP level 2. HP: 16/23 MP: 5/5
   500 | D:1      | Glimpsed the power of Zot.
   550 | D:1      | Glimpsed the power of Zot.
   663 | D:2      | Reached XP level 3. HP: 27/28 MP: 6/6
   963 | D:2      | Found a runed translucent door.
   964 | D:2      | Noticed Crazy Yiuf
   974 | D:2      | Killed Crazy Yiuf
   975 | D:2      | Reached XP level 4. HP: 21/35 MP: 7/7
  1100 | D:2      | Glimpsed the power of Zot.
  1347 | D:3      | Found a sparkling altar of Nemelex Xobeh.
  1639 | D:3      | Found a snail-covered altar of Cheibriados.
  1640 | D:3      | Found a hide-covered altar of Uskayaw.
  1702 | D:3      | Glimpsed the power of Zot.
  1724 | D:4      | Noticed Ijyb
  1733 | D:4      | Reached skill level 1 in Throwing
  1747 | D:4      | Slain by an iguana

Illustrated notes

Levels and vault maps discovered:
D:1:      wheals_arrival_linesprint, layout_loops_corners,
          hellmonk_ecumenical_altar_inner_sanctum, dk_noncrumbling_4,
          minmay_misc_feat_secret_circle
D:2:      layout_basic, nicolae_elevator_lobby_asterisk, uniq_crazy_yiuf_cottage
D:3:      layout_basic, nemelex_spade_bored_becter,
          chequers_temple_overflow_statue_of_worship
D:4:      layout_basic, good_gods_temple_1, serial_park_tiny_1, uniq_ijyb,
          uniq_grinder

Skill      XL: |  1  2  3  4 |
---------------+-------------+-----
Short Blades   | 3 |  3.2
Throwing       | 1 |  1.0
Fighting       | |  1.4
Armour         | |  6.8
Stealth        | |  1.0
Spellcasting   | |  1.3

Action                   |  1- 3 |  4- 6 || total
-------------------------+-------+-------++-------
Melee: Short sword       |    56 |    55 ||   111
 Fire: Sling             |     2 |       ||     2
Throw: Dart              |     2 |     1 ||     3
       Stone             |       |    12 ||    12
  Use: Scroll            |     3 |       ||     3
Armor: Chain mail        |    28 |       ||    28
       Scale mail        |       |    30 ||    30
Dodge: Dodged            |    14 |    15 ||    29

Table legend: (Time is in decaauts)
 A = Elapsed time spent in this place.
 B = Non-inter-level travel time spent in this place.
 C = Inter-level travel time spent in this place.
 D = Time resting spent in this place.
 E = Time spent auto-exploring this place.
 F = Levels seen in this place.
 G = Mean time per level.
                   A        B        C        D        E       F      G
               +--------+--------+--------+--------+--------+-----+--------+
         Total |   1743 |   1608 |    135 |      0 |   1264 |   4 |  435.8 |
       Dungeon |   1743 |   1608 |    135 |      0 |   1264 |   4 |  435.8 |
               +--------+--------+--------+--------+--------+-----+--------+

Top non-repeatable levels by time:
     D:2: 579 daAuts
     D:1: 567 daAuts
     D:3: 562 daAuts
     D:4: 33 daAuts
